 Dungeon Crawl Stone Soup version 0.32-a0-593-g85ff8e36a1 (webtiles) character file.

Game seed: 14443989339276135029

149156 Implojin the Nimble (level 17, -8/112 (119) HPs)
             Began as a Coglin Brigand on Mar 2, 2024.
             Was a High Priest of Hepliaklqana.
             Mangled by a pharaoh ant (27 damage)
             ... on level 2 of the Spider Nest.
             The game lasted 01:19:22 (29415 turns).

Implojin the Nimble (Coglin Brigand)               Turns: 29415, Time: 01:19:23

HP:   -8/112 (119)  AC: 17    Str:  9 (11) XL:     17   Next: 50%
MP:   23/23         EV: 20    Int: 14 (16) God:    Hepliaklqana [*****.]
Gold: 271           SH:  0    Dex: 23      Spells: 16/16 levels left

rFire   + . .        M - +0 scimitar (flame) {Suthep}
rCold   + + .        Q - +9 demon blade (vamp) {Hisao}
rNeg    . . .        t - +4 ring mail of the Tick {rElec rPois rF+ rC+}
rPois   +            i - +0 helmet
rElec   +            k - +1 cloak of Roixt {Harm rElec Will- Regen+}
rCorr   .            a - +0 pair of gloves of Forking Paths {Will+ Int+4}
SInv    .            u - +0 pair of boots
Will    +....        (amulet unavailable)
Stlth   ++++         (ring unavailable)
HPRegen 1.18/turn    (ring unavailable)
MPRegen 0.18/turn    G - gyrobismuth core {AutoDazzle, rElec rC+}

%: harm (+30% outgoing, +20% incoming)
@: about to teleport, studying Shapeshifting, drained, revving
A: reduced essence, off-hand wielding, slow wielding, warmup strikes, no
jewellery
a: Renounce Religion, Recall Ancestor, Ancestor Identity, Transference, Idealise


You were on level 2 of the Spider Nest.
You worshipped Hepliaklqana.
Hepliaklqana was extremely pleased with you.
You visited 5 branches of the dungeon, and saw 25 of its levels.
You also visited: Ice Cave and Volcano.

You collected 2477 gold pieces.
You spent 2206 gold pieces at shops.

Inventory:

Hand Weapons
 L - a +1 heavy long sword
 M - a +0 scimitar of flaming (weapon) {Suthep}
 Q - a +9 vampiric demon blade (offhand) {Hisao}
Missiles
 d - 45 poisoned darts (quivered)
 e - 9 curare-tipped darts
 x - 27 boomerangs
 E - 4 datura-tipped darts
 K - 5 silver javelins
 O - 2 atropa-tipped darts
 V - 10 javelins
Armour
 a - the +0 pair of gloves of Forking Paths (worn) {Will+ Int+4}
   (You acquired it on level 14 of the Dungeon)

   Int+4:     It affects your intelligence (+4).
   Will+:     It increases your willpower.
 f - +0 fire dragon scales
 g - a scarf of resistance
 i - a +0 helmet (worn)
 k - the +1 cloak of Roixt (worn) {Harm rElec Will- Regen+}
   (You acquired it on level 15 of the Dungeon)

   rElec:     It insulates you from electricity.
   Will-:     It decreases your willpower.
   Regen+:    It increases your rate of health regeneration.
   Harm:      It increases damage dealt and taken.
 t - the +4 ring mail of the Tick (worn) {rElec rPois rF+ rC+}
   (You acquired it on level 2 of the Orcish Mines)

   rF+:       It protects you from fire.
   rC+:       It protects you from cold.
   rElec:     It insulates you from electricity.
   rPois:     It protects you from poison.
 u - a +0 pair of boots (worn)
Gizmo
 G - a gyrobismuth core (installed) {AutoDazzle, rElec rC+}
   (You invented it yourself on level 15 of the Dungeon)

   [gyrobismuth core]

   AutoDazzle: It sometimes fires a blinding ray at enemies whose attacks you
   dodge.
   rC+:       It protects you from cold.
   rElec:     It insulates you from electricity.
Wands
 w - a wand of flame (11)
 A - a wand of acid (7)
 H - a wand of digging (13)
 W - a wand of polymorph (1)
 X - a wand of charming (3)
Scrolls
 j - a scroll of blinking
 o - 3 scrolls of identify
 p - 3 scrolls of teleportation
 v - a scroll of fear
 y - 3 scrolls of poison
 z - 2 scrolls of vulnerability
 J - 2 scrolls of revelation
Potions
 h - 5 potions of attraction
 l - 2 potions of haste
 m - a potion of magic
 n - a potion of might
 q - 3 potions of curing
 r - a potion of resistance
 C - a potion of heal wounds
 D - 4 potions of cancellation
 F - 3 potions of mutation
 T - 2 potions of lignification
Miscellaneous
 b - a phantom mirror (inert)


   Skills:
 - Level 12.0 Fighting
 - Level 14.0(15.0) Short Blades
 - Level 10.2(14.0) Long Blades
 - Level 3.0 Throwing
 - Level 9.0 Armour
 * Level 14.1 Dodging
 - Level 10.0 Stealth
 - Level 8.0 Invocations
 - Level 6.1 Evocations


You had 16 spell levels left.
You didn't know any spells.
Your spell library contained the following spells:

 Spells                   Type           Power      Damage    Failure   Level
 Apportation              Tloc           0%         N/A       54%         1
 Sandblast                Erth           0%         2d4       54%         1
 Slow                     Hex            0%         N/A       54%         1
 Cigotuvi's Dreadful Rot  Necr/Alch/Air  0%         N/A       69%         2
 Ensorcelled Hibernation  Hex/Ice        0%         N/A       69%         2
 Jinxbite                 Hex            0%         N/A       69%         2
 Lesser Beckoning         Tloc           0%         N/A       69%         2
 Mercury Vapours          Alch/Air       0%         N/A       69%         2
 Call Canine Familiar     Summ           0%         N/A       89%         3
 Confusing Touch          Hex            0%         N/A       89%         3
 Fugue of the Fallen      Necr           0%         N/A       89%         3
 Gell's Gravitas          Tloc           0%         N/A       89%         3
 Mephitic Cloud           Conj/Alch/Air  0%         N/A       89%         3
 Ozocubu's Armour         Ice            0%         N/A       89%         3
 Passwall                 Erth           0%         N/A       89%         3
 Sigil of Binding         Hex            0%         N/A       89%         3
 Stone Arrow              Conj/Erth      0%         3d7       89%         3
 Swiftness                Air            0%         N/A       89%         3
 Teleport Other           Tloc           0%         N/A       89%         3
 Tukima's Dance           Hex            0%         N/A       89%         3
 Vampiric Draining        Necr           0%         2d6       89%         3
 Anguish                  Hex/Necr       0%         N/A       100%        4
 Brom's Barrelling Bould  Conj/Erth      0%         2d3       100%        4
 Dimensional Bullseye     Hex/Tloc       0%         N/A       100%        4
 Iskenderun's Mystic Bla  Conj/Tloc      0%         2d3       100%        4
 Manifold Assault         Tloc           0%         N/A       100%        4
 Vhi's Electric Charge    Tloc/Air       0%         N/A       100%        4
 Alistair's Intoxication  Alch           0%         N/A       100%        5
 Freezing Cloud           Conj/Ice/Air   0%         6-21      100%        5
 Silence                  Hex/Air        0%         N/A       100%        5
 Summon Forest            Summ/Tloc      0%         N/A       100%        5
 Summon Mana Viper        Hex/Summ       0%         N/A       100%        5
 Dispersal                Tloc           0%         N/A       100%        6
 Summon Cactus Giant      Summ           0%         N/A       100%        6
 Lehudib's Crystal Spear  Conj/Erth      0%         10d2      100%        8
 Maxwell's Capacitive Co  Air            0%         ∞         100%        8
 Chain Lightning          Conj/Air       0%         N/A       100%        9


Dungeon Overview and Level Annotations

Branches:
Dungeon (15/15)            Temple (1/1) D:4            Lair (5/5) D:10
 Shoals (0/4) Lair:2       Spider (1/4) Lair:2        Slime (0/5) Lair:4
    Orc (2/2) D:11            Elf (0/3) Orc:2        Vaults (0/5) D:14
 Depths (0/4) D:15          IceCv (visited)         Volcano (visited)

Altars:
Ashenzari
Cheibriados
Dithmenos
Elyvilon
Fedhas
Gozag
Hepliaklqana
Kikubaaqudgha
Makhleb
Nemelex Xobeh
Okawaru
Qazlal
Ru
Sif Muna
Trog
Uskayaw
Vehumet
Wu Jian
Xom
Yredelemnul
Zin
The Shining One

Shops:
D:10 *   Orc:2 :**[?

Annotations:
Spider:1 Roxanne
Spider:2 Aizul, Arachne


Innate Abilities, Weirdness & Mutations

Your life essence is reduced to manifest your ancestor. (-10% HP)
You can wield a second weapon in your off-hand.
It takes a long time for you to wield or remove held weapons.
Your first few attacks do less damage.
You cannot equip rings or amulets.


Message History

The helpless culicivora fails to defend itself.
You slice the culicivora like a ripe choko with your +0 scimitar of flaming!!!
You burn the culicivora!
You kill the culicivora!
A culicivora comes into view.
You see here a culicivora corpse.
A pharaoh ant comes into view.
The culicivora bites C R B A!
C R B A barely misses the culicivora.
C R B A hits the culicivora with a +0 dagger of draining!
Something barely misses C R B A.
The orb spider begins to weave its threads into a brightly glowing ball.
You see here a culicivora corpse.
You see here a culicivora corpse.
The pharaoh ant bites you!!
You feel drained.
Danger: Low HP Warning |T3| Reason: 39% HP (44/112)
The redback closely misses you.
The culicivora bites C R B A!
C R B A hits the culicivora with a +0 dagger of draining.
The pharaoh ant misses you. The redback bites you!
C R B A gestures at the culicivora while chanting.
The culicivora appears confused.
Danger: Low HP Warning |T3| Reason: 26% HP (30/112) Unknown command.
As you read the scroll of teleportation, it crumbles to dust.
You feel strangely unstable.
The culicivora bites C R B A!
The pharaoh ant bites you but does no damage.
The redback bites you!
C R B A hits the culicivora with a +0 dagger of draining!
The culicivora bites the redback!!
The culicivora draws strength from the redback's injuries!
Danger: Low HP Warning |T3| Reason: 16% HP (18/112) Unknown command.
You closely miss the redback with your +9 vampiric demon blade.
The redback is severely wounded.
You hit the redback with your +0 scimitar of flaming.
You burn the redback.
You kill the redback!
The pharaoh ant bites you!!
You die...
Hepliaklqana delivers you to your ancestors.

#......# .####..)#.#s..
............# #
##.#........# ..
##...^#..## ..
#..$#(s..###..##. ####
##..#.#†...^.....
#..#####..###s#B##...B..
.....#.#....#.#R@....#
†..†...##.....s.####.#
†.###^.#####.......^...
.## #....#..^.##..#.#.#
.# #..........#....#
######..########....#
....^.........# ...##
.#.(###.^.###.# ....
##### ###..# #..##


You could see the friendly C R B A the hexer, a boulder beetle, an orb spider
(charged), a culicivora (confused, ally target) and a pharaoh ant.

Vanquished Creatures
  Jorgrun (Orc:2)
  A frost giant (D:15)
  A ghost moth (Spider:2)
  An orc warlord (Orc:1)
  A broodmother (Spider:2)
  Snorg (Lair:5)
  Josephine (Lair:5)
  An entropy weaver (Spider:2)
  2 fire dragons
  4 vault guards
  8 hydras
  An ogre mage (D:13)
  3 boulder beetles
  The ghost of Pooter the Cleaver, a novice MiBe of Trog (D:9)
  3 centaur warriors (D:14)
  11 two-headed ogres
  A demonic crawler (Spider:2)
  9 death yaks
  An occultist (D:15)
  A shock serpent (shapeshifter) (D:15)
  Urug (Lair:5)
  4 orc high priests (Orc:2)
  Sonja (D:12)
  2 fire crabs (D:15)
  A hell knight (D:15)
  Amaemon (D:9)
  Nergalle (Lair:1)
  2 pharaoh ants (Spider:2)
  A skyshark (Lair:5)
  A salamander mystic (D:15)
  2 orb spiders
  4 deep elf pyromancers
  A steelbarb worm (Spider:2)
  A thermic dynamo (D:15)
  4 arcanists
  6 orc knights
  3 wolf spiders
  10 salamanders
  3 cyclopes
  2 manticores
  5 orc sorcerers (Orc:2)
  7 ugly things
  5 kobold blastminers (Orc:2)
  14 black mambas
  8 elephants
  2 rust devils (D:15)
  A merfolk siren (Lair:2)
  2 meliai (Spider:2)
  2 ice statues (IceCv)
  2 slime creatures (D:14)
  4 gargoyles
  21 cane toads
  A torpor snail (Lair:5)
  2 yaktaurs (D:15)
  A rime drake (shapeshifter) (D:14)
  An unseen horror (D:11)
  An efreet (D:11)
  A kobold demonologist (D:12)
  7 rime drakes
  2 ice devils (IceCv)
  14 komodo dragons
  A freezing wraith (D:15)
  A tengu conjurer (D:15)
  10 trolls
  3 hornets (Lair:5)
  A polar bear (Lair:3)
  6 tarantellas
  A raiju (D:15)
  A dream sheep (Lair:5)
  2 merfolk (Lair:2)
  4 blink frogs (Lair:2)
  Sigmund (D:3)
  2 water elementals (D:15)
  13 jumping spiders
  A shadow (D:10)
  9 culicivoras
  2 air elementals (D:15)
  25 wyverns
  A dire elephant simulacrum (IceCv)
  44 yaks
  6 fire bats (Volcano)
  A vampire (D:12)
  2 hogs (Spider:1)
  A human (Spider:1)
  9 wraiths
  A yak (shapeshifter) (D:9)
  7 basilisks
  7 vampire mosquitoes
  A warg (Orc:2)
  4 steam dragons
  13 redbacks
  2 hydra simulacra (IceCv)
  5 acid dragons
  15 water moccasins
  2 swamp drakes (Lair:5)
  16 orc warriors
  3 meliai simulacra (D:15)
  A sky beast (D:6)
  5 ice beasts
  3 black bears
  8 ogres
  A boggart (D:15)
  14 wolves
  10 centaurs
  2 phantoms
  4 bullfrogs
  A gnoll sergeant (D:10)
  A cane toad simulacrum (IceCv)
  A scorpion (Lair:1)
  2 two-headed ogre simulacra (IceCv)
  4 wights
  6 killer bees (D:10)
  3 elephant simulacra (IceCv)
  A vampire bat (Lair:1)
  2 howler monkeys (D:10)
  2 bombardier beetles
  13 jellies
  3 hounds
  5 iguanas
  13 orc priests
  3 sleepcaps
  Jessica (D:2)
  Ijyb (D:3)
  22 orc wizards
  10 hell rats
  2 troll simulacra (IceCv)
  A spriggan simulacrum (IceCv)
  A wolf simulacrum (IceCv)
  Robin (D:3)
  5 gnolls
  7 adders
  9 river rats (Lair:2)
  A shadow imp (D:6)
  13 white imps
  3 ufetubi
  2 dart slugs
  45 orcs
  6 ball pythons
  11 bats
  8 endoplasms
  6 giant cockroaches
  14 goblins
  8 hobgoblins
  4 jackals (D:3)
  2 quokkas (D:1)
  2 frilled lizards
  7 kobolds
  3 rats
733 creatures vanquished.

Vanquished Creatures (collateral kills)
  Kirke (Spider:1)
  A reaper (IceCv)
  An ogre mage (Orc:1)
  A centaur warrior (D:14)
  A radroach (Spider:2)
  A two-headed ogre (D:11)
  2 death yaks
  A skyshark (Lair:4)
  A deep elf knight (D:15)
  3 sixfirhies (D:15)
  A swamp dragon (Lair:5)
  An orc sorcerer (Orc:1)
  A cyclops (D:11)
  An ugly thing (D:15)
  2 deep elf pyromancers (D:15)
  A wolf spider (Spider:2)
  4 elephants
  A black mamba (Lair:5)
  A guardian serpent (Lair:5)
  A molten gargoyle (D:15)
  An orange demon (D:9)
  2 cane toads
  A komodo dragon (Lair:1)
  3 rime drakes
  A freezing wraith (D:15)
  2 ice devils (IceCv)
  2 trolls
  A merfolk (Lair:2)
  A blink frog (Lair:2)
  A tarantella (Spider:2)
  A dream sheep (Lair:5)
  4 slime creatures (D:14)
  2 wraiths
  3 wyverns
  An air elemental (D:15)
  A basilisk (Lair:5)
  16 yaks
  2 wargs
  A golden eye (shapeshifter) (D:13)
  2 redbacks
  A death yak simulacrum (IceCv)
  3 water moccasins
  An orc warrior (Orc:1)
  A meliai simulacrum (D:15)
  An ice beast (Orc:2)
  3 wolves
  2 centaurs (D:14)
  4 ogres
  A boggart (D:14)
  2 bullfrogs
  A two-headed ogre simulacrum (IceCv)
  2 howler monkeys
  A hound (D:6)
  A jelly (Lair:4)
  2 orc priests (Orc:2)
  3 orc wizards
  4 spriggan simulacra (IceCv)
  An adder (D:6)
  2 gnolls (D:10)
  A river rat (Lair:2)
  4 white imps (D:12)
  17 orcs
  A bat (Lair:1)
134 creatures vanquished.

Vanquished Creatures (others)
  A meliai (Spider:2)
  An unseen horror (D:11)
  An acid dragon (D:11)
  A kobold brigand (D:11)
  An orc priest (Orc:2)
  16 hexers
  2 orc wizards (Orc:2)
  3 ancestors
  3 orcs (Orc:2)
29 creatures vanquished.

Grand Total: 896 creatures vanquished

Notes
Turn   | Place    | Note
-------+----------+-------------------------------------------
     0 | D:1      | Implojin the Coglin Brigand began the quest for the Orb.
     0 | D:1      | Reached XP level 1. HP: 16/16 MP: 1/1
     0 | D:1      | :what
     0 | D:1      | :completely lost ash :<>
                  | ERROR: string above had unterminated tag
     0 | D:1      | :what a crash
   163 | D:1      | Reached XP level 2. HP: 22/22 MP: 2/2
   379 | D:1      | Found a faded altar of an unknown god.
   565 | D:1      | Reached XP level 3. HP: 27/27 MP: 3/3
   924 | D:2      | Noticed Jessica
   937 | D:2      | Killed Jessica
  1113 | D:2      | Reached XP level 4. HP: 33/33 MP: 4/4
  1825 | D:2      | Reached XP level 5. HP: 35/41 MP: 5/5
  1956 | D:3      | Noticed Robin
  1964 | D:3      | Killed Robin
  2052 | D:3      | Noticed Sigmund
  2060 | D:3      | Killed Sigmund
  2061 | D:3      | Reached skill level 5 in Short Blades
  2061 | D:3      | Reached XP level 6. HP: 47/48 MP: 6/6
  2432 | D:3      | Found a shadowy altar of Dithmenos.
  2572 | D:3      | Found a burning altar of Makhleb.
  2753 | D:3      | Noticed Ijyb
  2765 | D:3      | Killed Ijyb
  2976 | D:4      | Found a staircase to the Ecumenical Temple.
  2990 | Temple   | Entered the Ecumenical Temple
  3032 | Temple   | Became a worshipper of Hepliaklqana the Forgotten
  3284 | D:4      | Reached XP level 7. HP: 52/54 MP: 7/7
  3936 | D:5      | Entered Level 5 of the Dungeon
  4024 | D:5      | Found a glowing silver altar of Zin.
  4197 | D:5      | Reached XP level 8. HP: 49/60 MP: 8/8
  4263 | D:5      | Found a basalt altar of Yredelemnul.
  4812 | D:6      | Reached skill level 5 in Stealth
  4975 | D:6      | Reached * piety under Hepliaklqana
  5229 | D:6      | Found a glowing golden altar of the Shining One.
  5395 | D:6      | Reached XP level 9. HP: 58/58 MP: 9/9
  5510 | D:6      | Reached skill level 1 in Evocations
  6228 | D:7      | Found a snail-covered altar of Cheibriados.
  6743 | D:8      | Noticed a troll
  7408 | D:8      | Reached ** piety under Hepliaklqana
  7409 | D:8      | Remembered your ancestor C R B A as a hexer
  7582 | D:8      | Killed a troll
  8237 | D:8      | Noticed a troll
  8242 | D:8      | Killed a troll
  8253 | D:8      | Reached skill level 10 in Short Blades
  8253 | D:8      | Reached XP level 10. HP: 51/65 MP: 10/10
  8310 | D:8      | Noticed a two-headed ogre
  8333 | D:8      | Reached skill level 5 in Fighting
  8379 | D:8      | Killed a two-headed ogre
  8639 | D:9      | Found an ornate altar of the Wu Jian Council.
  8660 | D:9      | Reached skill level 1 in Dodging
  8920 | D:9      | Found a transporter.
  8975 | D:9      | Reached skill level 5 in Dodging
  9047 | D:9      | Noticed Pooter's ghost (novice MiBe)
  9052 | D:9      | Noticed a gargoyle
  9063 | D:9      | Found a transporter.
  9113 | D:9      | You fall into a shaft and drop 1 floor!
  9113 | D:10     | Entered Level 10 of the Dungeon
  9125 | D:10     | Found a sparkling altar of Nemelex Xobeh.
  9340 | D:9      | Noticed Amaemon
  9341 | D:9      | Noticed an orange demon
  9364 | D:9      | Killed Amaemon
  9365 | D:9      | Reached XP level 11. HP: 61/75 MP: 11/11
  9928 | D:9      | Noticed a manticore
  9946 | D:9      | a manticore changed into a harpy
  9946 | D:9      | Noticed a harpy (shapeshifter)
  9951 | D:9      | a harpy changed into a salamander
  9951 | D:9      | Noticed a salamander (shapeshifter)
 10228 | D:10     | Found a staircase to the Lair.
 10236 | D:10     | Reached *** piety under Hepliaklqana
 10865 | D:10     | Found an opulent altar of Gozag.
 10913 | D:10     | Found a hide-covered altar of Uskayaw.
 11093 | D:10     | Found Geciefri's Demolitions Depot.
 11474 | D:10     | Bought a wand of warping (4) for 124 gold pieces
 11474 | D:10     | Bought a wand of warping (1) for 31 gold pieces
 11537 | D:11     | Noticed a cyclops
 11548 | D:11     | Killed a cyclops
 11647 | D:11     | Found a staircase to the Orcish Mines.
 11751 | D:11     | Found an iron altar of Okawaru.
 11769 | D:11     | Noticed a cyclops
 11782 | D:11     | Killed a cyclops
 11784 | D:11     | Noticed a manticore
 11795 | D:11     | Killed a manticore
 11899 | D:11     | Reached XP level 12. HP: 55/81 MP: 12/12
 11917 | D:11     | Reached **** piety under Hepliaklqana
 11930 | D:11     | Noticed a two-headed ogre
 11941 | D:11     | Killed a two-headed ogre
 12064 | D:11     | Noticed a two-headed ogre
 12080 | D:11     | Reached skill level 1 in Invocations
 12261 | D:11     | Killed a two-headed ogre
 12639 | D:12     | Found a frozen archway.
 12648 | IceCv    | Entered an ice cave
 12695 | IceCv    | Reached skill level 5 in Invocations
 12867 | IceCv    | HP: 2/81 [ice beast[an ice statue] (5)]
 13995 | IceCv    | Noticed a reaper
 14463 | IceCv    | Killed a reaper
 14851 | D:12     | Noticed Sonja
 14857 | D:12     | Killed Sonja
 15057 | D:12     | Reached XP level 13. HP: 86/86 MP: 17/19
 16555 | D:14     | Reached ***** piety under Hepliaklqana
 16569 | D:14     | Identified the +12 trident "Demonbane" {antimagic, rC+
                  | rCorr Int+2}
 16575 | D:14     | Noticed a vault guard
 16612 | D:14     | Noticed a vault guard
 17082 | D:13     | Killed a vault guard
 17707 | D:14     | Reached skill level 10 in Stealth
 17838 | D:14     | Noticed a vault guard
 17852 | D:14     | Killed a vault guard
 17867 | D:14     | Killed a vault guard
 17875 | D:14     | Found a gate to the Vaults.
 17905 | D:14     | Identified a scroll of acquirement
 17910 | D:14     | Acquired the +0 pair of gloves of Forking Paths {Will+
                  | Int+4}
 18061 | D:14     | Noticed a vault guard
 18069 | D:14     | Killed a vault guard
 18285 | D:14     | Found a gate to the Vaults.
 18588 | D:15     | Entered Level 15 of the Dungeon
 18639 | D:15     | Reached XP level 14. HP: 85/92 MP: 20/20
 18639 | D:15     | Acquired a gyrobismuth core {AutoDazzle, rElec rC+}
 18768 | D:15     | Got Woneump's Book of the Thoughtful Eyes
 18838 | D:15     | Found a staircase to the Depths.
 18838 | D:15     | Noticed a frost giant
 18841 | D:15     | Killed a frost giant
 18914 | D:15     | Reached skill level 10 in Dodging
 19061 | D:15     | Paralysed by an air elemental for 1 turns
 19617 | D:15     | Reached skill level 1 in Long Blades
 19949 | D:15     | Got the Book of Underground Anemomancy
 19961 | D:15     | Reached skill level 5 in Long Blades
 19990 | D:15     | Paralysed by an air elemental for 1 turns
 20007 | D:15     | Acquired the +1 cloak of Roixt {Harm rElec Will- Regen+}
 20198 | Lair:1   | Entered Level 1 of the Lair of Beasts
 20202 | Lair:1   | Noticed Nergalle
 20212 | Lair:1   | Killed Nergalle
 21071 | Lair:2   | Found a hole to the Spider Nest.
 21200 | Lair:2   | Reached XP level 15. HP: 97/97 MP: 21/21
 21816 | Lair:2   | Found a staircase to the Shoals.
 21946 | Lair:2   | Found a staircase to the Shoals.
 22143 | Lair:2   | Found a hole to the Spider Nest.
 22986 | Lair:3   | Reached skill level 10 in Long Blades
 23586 | Lair:4   | Found a staircase to the Slime Pits.
 23693 | Lair:4   | Reached ****** piety under Hepliaklqana
 24301 | Lair:5   | Entered Level 5 of the Lair of Beasts
 24388 | Lair:4   | Reached skill level 10 in Fighting
 24456 | Lair:5   | Noticed Snorg
 24469 | Lair:5   | Killed Snorg
 24632 | Lair:5   | Reached XP level 16. HP: 113/113 MP: 22/22
 24811 | Lair:5   | Reached skill level 1 in Armour
 25027 | Lair:5   | Noticed Urug
 25033 | Lair:5   | Killed Urug
 25152 | Lair:5   | Noticed Josephine
 25158 | Lair:5   | Killed Josephine
 25253 | Lair:5   | Reached skill level 5 in Armour
 26373 | D:9      | Killed Pooter's ghost
 26645 | Orc:1    | Entered Level 1 of the Orcish Mines
 27068 | Orc:2    | Entered Level 2 of the Orcish Mines
 27152 | Orc:2    | Noticed Jorgrun
 27168 | Orc:2    | Killed Jorgrun
 27177 | Orc:2    | Found a staircase to the Elven Halls.
 27236 | Orc:2    | Noticed Nessos
 27248 | Orc:2    | Nessos changed into Nessos the ice beast
 27248 | Orc:2    | Noticed Nessos
 27251 | Orc:2    | Killed Nessos the ice beast
 27258 | Orc:2    | Noticed Erolcha
 27261 | Orc:2    | Erolcha changed into Erolcha the adder
 27261 | Orc:2    | Noticed Erolcha
 27264 | Orc:2    | Killed Erolcha the adder
 27337 | Orc:2    | Found a dark tunnel.
 27352 | Volcano  | Entered a volcano
 27516 | Volcano  | Reached XP level 17. HP: 116/119 MP: 23/23
 28151 | Orc:2    | Found Goddexeo's Book Shoppe.
 28201 | Orc:2    | Found Weicy's Assorted Antiques.
 28229 | Orc:2    | Paralysed by an orc sorcerer for 2 turns
 28294 | Orc:2    | Found Merghopa's Assorted Antiques.
 28299 | Orc:2    | Found Votseila's Armour Shoppe.
 28336 | Orc:2    | Found Qixtar's Magic Scroll Shoppe.
 28587 | Orc:2    | Bought a scroll of acquirement for 624 gold pieces
 28587 | Orc:2    | Bought a scroll of fear for 48 gold pieces
 28587 | Orc:2    | Bought a scroll of summoning for 114 gold pieces
 28587 | Orc:2    | Bought a scroll of revelation for 90 gold pieces
 28588 | Orc:2    | Acquired the +4 ring mail of the Tick {rElec rPois rF+ rC+}
 28625 | Orc:2    | Bought a phantom mirror for 1000 gold pieces
 28625 | Orc:2    | Bought a steaming dagger for 175 gold pieces
 28625 | Orc:2    | Identified the +1 dagger of Fortitude {heavy, rF+} (You
                  | bought it in a shop on level 2 of the Orcish Mines)
 28786 | Spider:1 | Entered Level 1 of the Spider Nest
 28821 | Spider:1 | Noticed Roxanne
 28837 | Spider:1 | Noticed Kirke
 28851 | Spider:1 | Killed Kirke
 29000 | Spider:1 | You fall into a shaft and drop 1 floor!
 29008 | Spider:2 | Noticed Arachne
 29036 | Spider:2 | Identified the serpent talisman of an ossuary {+Blink rC+
                  | Int-4 Dex+3}
 29036 | Spider:2 | Noticed Aizul
 29415 | Spider:2 | Mangled by a pharaoh ant

Illustrated notes

#########
........#
#......@#
#.#....>#
#.....#
#######


Turn 0 on D:1: :what

Levels and vault maps discovered:
D:1:      dpeg_arrival_fog, layout_basic, chequers_ecumenical_altar_island
D:2:      layout_basic, uniq_jessica
D:3:      layout_basic, bloody_makhleb, nicolae_dithmenos_the_darkroom,
          kennysheep_generic_room_8, uniq_ijyb, uniq_sigmund, uniq_robin
D:4:      layout_basic, minmay_temple_entry_wispy
D:5:      layout_basic, mainiacjoe_overflow_catwalk,
          mainiacjoe_overflow_small_starburst
D:6:      layout_gridville, mainiacjoe_overflow_brackets, lightli_corner_chamber
D:7:      layout_loops_ring, mainiacjoe_overflow_concentric_impassable,
          minivault_25
D:8:      minmay_chambers_of_fours, layout_loops_ring,
          nicolae_houndstooth_variations
D:9:      layout_stronghold, old_standard_altar, gammafunk_ghost_arena,
          uniq_amaemon
D:10:     layout_irregular_city, nicolae_gozag_seed_capital,
          nemelex_xobeh_ov_fountains_minmay,
          nicolae_uskayaw_murder_on_the_dancefloor, hellmonk_lair_entry_icy,
          nicolae_blasting_shop
D:11:     minmay_clustersquares, layout_rooms, orc_0_dummy,
          kennysheep_okawaru_gauntlet
D:12:     layout_irregular_city, portal_ice_cave_entry_imps, uniq_sonja
D:13:     layout_loops_ring
D:14:     layout_cave_pools, lightli_vaults_fourway_checkpoint
D:15:     hangedman_crystal_crosses_colossus [crystal_crosses_arms_four,
          crystal_crosses_arms_one, crystal_crosses_arms_one]
Temple:   minmay_temple_forest_path
Lair:1:   layout_gridlike, roderic_batcave, beast_lair_carwin_9, uniq_nergalle
Lair:2:   layout_regular_city, elwin_shoals_entry_stream,
          spider_nest_entry_rubble, kennysheep_rathole, lemuel_fruit_tree,
          infiniplex_staircase_pool_2
Lair:3:   layout_small_grid, pdpol_lair_neglected_garden, patterned_corridor
Lair:4:   layout_regular_city, minmay_slime_entry_jelly_boxes,
          grunt_megastairs_3
Lair:5:   hangedman_lair_tendril_chambers, layout_layer_cave,
          guppyfry_lair_end_dragon, minmay_shattered_shrine, uniq_snorg,
          uniq_urug, uniq_josephine
Spider:1: layout_spider_delve, worms_lemuel, uniq_kirke, uniq_rupert,
          uniq_roxanne
Spider:2: nicolae_spider_hilbert_zone_6 [nicolae_spider_hilbert_4_sides_1_open,
          nicolae_spider_hilbert_4_sides_1_open,
          nicolae_spider_hilbert_4_sides_1_open,
          nicolae_spider_hilbert_4_sides_1_open,
          nicolae_spider_hilbert_4_sides_1_open,
          nicolae_spider_hilbert_4_sides_1_open,
          nicolae_spider_hilbert_4_sides_1_open], nicolae_spider_jagged_tunnels,
          uniq_aizul, uniq_arachne
Orc:1:    layout_caves
Orc:2:    st_orc_elflike, layout_diamond_mine, serial_shops, shop,
          enter_volcano_4, uniq_erolcha, uniq_nessos, uniq_jorgrun

Skill      XL: |  1  2  3  4  5  6  7  8  9 10 11 12 13 14 15 16 17 |
---------------+----------------------------------------------------+-----
Short Blades   | 2 3 4 5 7 8 10 13 14 | 14.0
Fighting       | 3 4 7 11 12 | 12.0
Stealth        | 6 7 10 | 10.0
Evocations     | 4 6 |  6.1
Throwing       | 3 |  3.0
Dodging        | 6 8 11 14 | 14.1
Invocations    | 8 |  8.0
Long Blades    | 7 10 | 10.2
Armour         | 9 |  9.0

Action                     |  1- 3 |  4- 6 |  7- 9 | 10-12 | 13-15 | 16-18 || total
---------------------------+-------+-------+-------+-------+-------+-------++-------
  Melee: Dagger            |    54 |   222 |   535 |   524 |   452 |       ||  1787
         Short sword       |    49 |    50 |       |       |       |       ||    99
         Rapier            |       |       |    11 |   529 |   362 |       ||   902
         Demon blade       |       |       |       |       |   377 |   425 ||   802
         Scimitar          |       |       |       |       |   305 |   389 ||   694
  Throw: Dart              |     1 |    10 |    14 |     4 |    31 |     8 ||    68
         Boomerang         |       |       |       |     2 |       |       ||     2
         Javelin           |       |       |       |       |       |     1 ||     1
 Invoke: Recall Ancestor   |       |       |     1 |    10 |    10 |     6 ||    27
         Ancestor Life: He |       |       |     1 |       |       |       ||     1
         Idealise          |       |       |       |     1 |     4 |     6 ||    11
         Ancestor Identity |       |       |       |       |     1 |       ||     1
Ability: Invent Gizmo      |       |       |       |       |     1 |       ||     1
  Evoke: Wand              |       |       |    15 |    50 |    19 |     9 ||    93
         Phantom mirror    |       |       |       |       |       |     1 ||     1
    Use: Scroll            |       |     2 |    10 |     6 |    29 |    12 ||    59
         Potion            |       |     1 |     3 |     6 |     7 |     4 ||    21
   Stab: Sleeping          |     4 |     2 |    10 |     3 |    21 |     6 ||    46
         Invisible         |       |     2 |     3 |     5 |    13 |    12 ||    35
         Distracted        |       |       |     2 |    11 |    19 |     6 ||    38
         Confused          |       |       |       |    19 |    30 |    19 ||    68
         Paralysed         |       |       |       |       |    23 |    48 ||    71
 Armour: Robe              |    24 |       |       |    32 |       |       ||    56
         Scale mail        |    12 |    69 |       |       |       |       ||    81
         Ring mail         |       |    34 |   196 |    93 |       |   119 ||   442
         Troll leather arm |       |       |       |   160 |   421 |   143 ||   724
         Plate armour      |       |       |       |    42 |       |       ||    42
  Dodge: Dodged            |    21 |    46 |    95 |   231 |   597 |   385 ||  1375

Table legend: (Time is in decaauts)
 A = Elapsed time spent in this place.
 B = Non-inter-level travel time spent in this place.
 C = Inter-level travel time spent in this place.
 D = Time resting spent in this place.
 E = Time spent auto-exploring this place.
 F = Levels seen in this place.
 G = Mean time per level.
                   A        B        C        D        E       F      G
               +--------+--------+--------+--------+--------+-----+--------+
         Total |  28624 |  26513 |   2111 |   3260 |  15358 |  27 | 1060.1 |
       Dungeon |  18103 |  16683 |   1420 |   1950 |  10119 |  15 | 1206.9 |
        Temple |     84 |      4 |     80 |      0 |      0 |   1 |   84.0 |
          Lair |   6025 |   5575 |    450 |    128 |   3950 |   5 | 1205.0 |
   Spider Nest |    585 |    585 |      0 |     32 |    227 |   2 |  292.5 |
  Orcish Mines |   1517 |   1358 |    159 |     16 |    811 |   2 |  758.5 |
      Ice Cave |   1855 |   1855 |      0 |   1134 |     48 |   1 | 1855.0 |
       Volcano |    452 |    452 |      0 |      0 |    203 |   1 |  452.0 |
               +--------+--------+--------+--------+--------+-----+--------+

Top non-repeatable levels by time:
     D:9: 2019 daAuts
    D:13: 1929 daAuts
   IceCv: 1855 daAuts
  Lair:5: 1618 daAuts
  Lair:2: 1532 daAuts
    D:14: 1375 daAuts
     D:7: 1374 daAuts
    D:15: 1357 daAuts
     D:8: 1336 daAuts
    D:10: 1119 daAuts
  Lair:4: 1117 daAuts
     D:3: 1088 daAuts
   Orc:2: 1064 daAuts
    D:11: 1048 daAuts
     D:5: 989 daAuts
